 Dungeon Crawl Stone Soup version 0.22-a0-785-g6253c82ace (webtiles) character file.

1570 Mirvelgyr the Grappler (level 8, 0/117 HPs)
             Began as a Troll Berserker on July 20, 2018.
             Was a Believer of Trog.
             Succumbed to a spear of chaos's poison
             ... on level 5 of the Dungeon.
             The game lasted 00:05:51 (3797 turns).

Mirvelgyr the Grappler (Troll Berserker)            Turns: 3797, Time: 00:05:51

Health: 0/117      AC:  5    Str: 33    XL:     8   Next: 59%
Magic:  3/7        EV: 11    Int:  3    God:    Trog [**....]
Gold:   63         SH:  0    Dex:  9    Spells: 7/7 levels left

rFire    . . .     SeeInvis .     - Unarmed
rCold    . . .     Gourm    +   (no shield)
rNeg     . . .     Faith    .   j - +0 robe
rPois    .         Spirit   .   (helmet restricted)
rElec    .         Reflect  .   (no cloak)
rCorr    .         Harm     .   (gloves unavailable)
MR       .....                  (boots unavailable)
Stlth    ..........             (no amulet)
HPRegen  0.69/turn              (no ring)
MPRegen  0.10/turn              (no ring)

@: berserking (expiring), lethally poisoned (0 -> -7), very quick
A: large, unfitting armour, claws 3, fast metabolism 3, gourmand, regeneration
1, shaggy fur 1, tough skin 2
a: Berserk, Trog's Hand, Renounce Religion


You were on level 5 of the Dungeon.
You worshipped Trog.
Trog was pleased with you.
You were completely stuffed.

You visited 1 branch of the dungeon, and saw 5 of its levels.

You collected 323 gold pieces.
You spent 260 gold pieces at shops.

Inventory:

Armour
 j - a +0 robe (worn)
Jewellery
 a - an uncursed ring of poison resistance {unknown}
 e - an uncursed amulet of the acrobat {unknown}
Wands
 p - a wand of flame (25)
Scrolls
 d - 3 scrolls of teleportation
 f - 2 scrolls of amnesia
 g - 2 scrolls of noise
 n - 2 scrolls of immolation
 q - a scroll of remove curse {unknown}
 r - 2 scrolls of fear {unknown}
 s - 2 scrolls of fog {unknown}
Potions
 c - a potion of mutation {unknown}
 h - 3 potions of lignification {unknown}
 i - 5 potions of heal wounds
 k - a potion of ambrosia {unknown}
 l - a potion of degeneration {unknown}
 m - a potion of flight {unknown}
 o - a potion of berserk rage {unknown}
 t - 3 potions of curing {unknown}
 u - a potion of agility {unknown}
 w - a potion of brilliance {unknown}
Comestibles
 b - 7 rations


   Skills:
 - Level 3.7 Fighting
 - Level 2.5 Armour
 - Level 3.8 Dodging
 + Level 9.5 Unarmed Combat


You had 7 spell levels left.
You didn't know any spells.
Your spell library was empty.

Dungeon Overview and Level Annotations

Branches:
Dungeon (5/15)             Temple (0/1) D:4

Altars:
Hepliaklqana
Nemelex Xobeh
Vehumet
Xom
Yredelemnul

Shops:
D:4 *   D:5 *


Innate Abilities, Weirdness & Mutations

You are too large for most types of armour.
You have claws for hands.
Your metabolism is lightning-fast.
You like to eat raw meat.
Your natural rate of healing is unusually fast.
You are covered in fur. (AC +1)
You have very tough skin. (AC +2)


Message History

* * * LOW HITPOINT WARNING * * *
You feel sick.
You claw the spear of chaos!
The spear of chaos is heavily damaged.
* * * LOW HITPOINT WARNING * * *
You feel sick. The spear of chaos barely misses you.
The spear of chaos closely misses you.
You mangle the spear of chaos!!
The spear of chaos falls from the air.
Trog accepts your kill.
Your Unarmed Combat skill gained 2 levels and is now at level 9!
You have reached level 8!
* * * LOW HITPOINT WARNING * * *
You feel sick.
There is a shimmering altar of Xom here.
You see here 12 gold pieces.
You are too berserk!
You eat one of the 8 rations.
That ration really hit the spot!
You feel a strong urge to attack something.
You die...

#.# #..#########
#.# #..# ##.#####
#..# #......#
#..##
##......####...##
#..._...........#
#......#######..#
#......# ##)#..#
##...#### #.@'..#
##⌠.⌠.# ##.#.##
#.._..# ###.#
#.⌠.⌠## #.###
###.#...## #.#
.........#######.#
#######..........#
.# #.##########
.######.#


There were no monsters in sight!

Vanquished Creatures
  A dancing weapon (D:5)
  The ghost of Deemzul the Sneak, a novice OpCj of Vehumet (D:5)
  An ogre (D:5)
  2 phantoms
  A jelly (D:5)
  An orc priest (D:3)
  2 hounds (D:5)
  An iguana (D:2)
  An orc wizard (D:3)
  2 worker ants (D:4)
  3 adders
  2 oozes
  3 worms
  3 dart slugs
  5 leopard geckos
  5 orcs
  A ball python (D:1)
  4 giant cockroaches
  3 goblins
  15 hobgoblins
  2 quokkas
  7 bats
  6 frilled lizards (D:1)
  A giant cockroach zombie (D:5)
  5 kobolds
  4 rats
82 creatures vanquished.

Notes
Turn   | Place    | Note
-------+----------+-------------------------------------------
     0 | D:1      | Mirvelgyr the Troll Berserker began the quest for the Orb.
     0 | D:1      | Reached XP level 1. HP: 22/22 MP: 0/0
    66 | D:1      | Reached XP level 2. HP: 29/29 MP: 1/1
   288 | D:1      | Reached XP level 3. HP: 33/36 MP: 2/2
   803 | D:2      | Reached ** piety under Trog
   811 | D:2      | Reached skill level 1 in Armour
  1076 | D:2      | Reached XP level 4. HP: 32/44 MP: 3/3
  1103 | D:2      | Reached skill level 4 in Unarmed Combat
  1954 | D:3      | Reached XP level 5. HP: 48/53 MP: 4/4
  2071 | D:3      | Found a hazy altar of Hepliaklqana.
  2100 | D:3      | Noticed a phantom
  2140 | D:3      | Killed a phantom
  2140 | D:3      | Reached XP level 6. HP: 41/61 MP: 5/5
  2259 | D:3      | Found a faded altar of an unknown god.
  2514 | D:4      | Found Fiwk's General Store.
  2522 | D:4      | Bought a potion of heal wounds for 70 gold pieces
  2522 | D:4      | Bought a potion of heal wounds for 70 gold pieces
  2616 | D:4      | Reached skill level 5 in Unarmed Combat
  2986 | D:4      | Found a staircase to the Ecumenical Temple.
  3071 | D:5      | Entered Level 5 of the Dungeon
  3082 | D:5      | Found a sparkling altar of Nemelex Xobeh.
  3086 | D:5      | Found a basalt altar of Yredelemnul.
  3165 | D:5      | Found a radiant altar of Vehumet.
  3280 | D:5      | Found Gubbamm's Assorted Antiques.
  3288 | D:5      | Bought a potion of heal wounds for 120 gold pieces
  3296 | D:5      | Reached XP level 7. HP: 64/67 MP: 6/6
  3601 | D:5      | Found a runed door.
  3602 | D:5      | Found a shimmering altar of Xom.
  3602 | D:5      | Noticed a spear of chaos
  3602 | D:5      | Noticed Deemzul's ghost (novice OpCj)
  3787 | D:5      | Killed Deemzul's ghost
  3787 | D:5      | Reached skill level 7 in Unarmed Combat
  3792 | D:5      | HP: 5/102 [spear of chaos (9)]
  3794 | D:5      | HP: 2/102 [poisoned by a spear of chaos]
  3795 | D:5      | Killed a spear of chaos
  3795 | D:5      | Reached skill level 9 in Unarmed Combat
  3795 | D:5      | Reached XP level 8. HP: 2/78 MP: 3/7
  3797 | D:5      | Succumbed to a spear of chaos's poison

Vault maps used:
D:1:      tarquinn_simple_flora_water_d
D:3:      lemuel_crystal_altar, chequers_ecumenical_altar_island,
          amethyst_killhole
D:4:      minmay_temple_entry_poolview, serial_shops, shop_statue, first_ration,
          serial_park_tiny_2, hex_medium
D:5:      nemelex_xobeh_ov_fountains_minmay, vehumet_crystals, serial_shops,
          nicolae_shop_crystal, basic_altar, ebering_ghost_xom

Skill      XL: |  1  2  3  4  5  6  7 |
---------------+----------------------+-----
Armour         | 1 2 |  2.5
Unarmed Combat | 4 5 9 |  9.5
Fighting       | 3 |  3.7
Dodging        | 3 |  3.8

Action                   |  1- 3 |  4- 6 |  7- 9 || total
-------------------------+-------+-------+-------++-------
Melee: Unarmed           |   102 |   129 |    23 ||   254
       Punch             |     4 |     4 |       ||     8
Invok: Berserk           |       |     1 |       ||     1
  Use: Scroll            |       |     4 |       ||     4
  Eat: Chunk             |    15 |    21 |     2 ||    38
       Ration            |       |       |     1 ||     1
Armor: Animal skin       |    23 |       |       ||    23
       Robe              |    15 |    38 |     3 ||    56
Dodge: Dodged            |    46 |    61 |    12 ||   119

Table legend:
 A = Spawn XP
 B = Non-spawn XP
 C = Spawn XP percentage of total XP
 D = Spawn monster count
 E = Non-spawn monster count
 F = Spawn count percentage of total count
 G = Total turns spent on level
                    A         B        C        D         E        F      G
               +---------+---------+-------+---------+---------+-------+---------
         Total |       0 |    2244 |   0.0 |       0 |      82 |   0.0 |  3797
               +---------+---------+-------+---------+---------+-------+---------
           D:1 |       0 |      57 |   0.0 |       0 |      29 |   0.0 |   746
           D:2 |       0 |      89 |   0.0 |       0 |      14 |   0.0 |  1148
           D:3 |       0 |     261 |   0.0 |       0 |      26 |   0.0 |   574
           D:4 |       0 |      90 |   0.0 |       0 |       4 |   0.0 |   603
           D:5 |       0 |    1747 |   0.0 |       0 |       9 |   0.0 |   726
               +---------+---------+-------+---------+---------+-------+---------
